 Dungeon Crawl Stone Soup version 0.30-a0-571-gdf30a72648 (webtiles) character file.

Game seed: 4820670179173045560

133763 Newt the Basher (level 16, -8/122 HPs)
             Began as a Demonspawn Gladiator on Dec 29, 2022.
             Was an Initiate of Gozag.
             Killed from afar by Nikola (51 damage)
             ... with an arc of chain lightning
             ... on level 3 of the Spider Nest.
             The game lasted 00:56:13 (35729 turns).

Newt the Basher (Demonspawn Gladiator)             Turns: 35729, Time: 00:56:14

Health: -8/122     AC: 36    Str: 20    XL:     16   Next: 60%
Magic:  16/16      EV: 16    Int: 15    God:    Gozag
Gold:   3948       SH:  9    Dex: 20    Spells: 15/15 levels left

rFire   + . .      SeeInvis +    a - +9 battleaxe (vamp)
rCold   . . .      Faith    .    (shield currently unavailable)
rNeg    . . .      Spirit   .    e - +8 plate armour of Quhuny {rElec}
rPois   +          Reflect  +    R - +2 helmet {SInv}
rElec   +          Harm     .    r - +2 cloak {Will+}
rCorr   .          Rampage  +    (gloves unavailable)
Will    ++...                    P - +1 pair of boots {rampage} Stlth
                                 V - amulet of reflection
HPRegen 0.00/turn                T - +5 ring of evasion
MPRegen 0.15/turn                C - +6 ring of intelligence

@: gold aura, inhibited regen
A: claws 3, molten scales 3, foul stench 2, condensation shield, agile 1, poison
resistance, inhibited regeneration
a: Renounce Religion, Potion Petition, Call Merchant, Bribe Branch


You were on level 3 of the Spider Nest.
You worshipped Gozag.
Gozag was most pleased with you.
You visited 4 branches of the dungeon, and saw 21 of its levels.
You also visited: Bailey and Volcano.

You collected 8457 gold pieces.
You spent 3838 gold pieces at shops.
You paid 671 gold pieces to Gozag.

Inventory:

Hand Weapons
 a - a +9 vampiric battleaxe (weapon)
 b - the +5 mace of Visorap {antimagic, rPois rCorr SInv}
   (You took it off a goblin on level 3 of the Dungeon)

   It reduces the magical energy of the wielder, and disrupts the spells and
   magical abilities of those it strikes.
   Natural abilities and divine invocations are not affected.
   rPois:     It protects you from poison.
   SInv:      It lets you see invisible.
   rCorr:     It protects you from acid and corrosion.
 c - the +5 morningstar "Worm" {drain, rPois rN+ Stlth+}
   (You bought it in a shop on level 3 of the Spider Nest)

   A truly terrible weapon, it drains the life of any living foe it strikes.
   rPois:     It protects you from poison.
   rN:        It protects you from negative energy.
   Stlth:     It makes you more stealthy.
 j - a +0 executioner's axe of flaming
Missiles
 m - 72 poisoned darts
 s - 8 silver javelins
 L - 39 boomerangs (quivered)
 M - 5 curare-tipped darts
 Q - 2 silver boomerangs
Armour
 d - the +2 pair of gloves "Wir Dipp" {+Blink rN+ Will++}
   (You bought it in a shop on level 1 of the Dungeon)

   rN:        It protects you from negative energy.
   +Blink:    It lets you blink.
   Will:      It greatly increases your willpower.
 e - the +8 plate armour of Quhuny (worn) {rElec}
   (You bought it in a shop on level 1 of the Dungeon)

   rElec:     It insulates you from electricity.
 p - a +1 leather armour of willpower
 r - a +2 cloak of willpower (worn)
 P - a +1 pair of boots of rampaging (worn)
 R - a +2 helmet of see invisible (worn)
 X - a +4 plate armour of fire resistance
Jewellery
 t - a ring of willpower
 x - a ring of protection from cold
 C - a +6 ring of intelligence (right claw)
 T - a +5 ring of evasion (left claw)
 V - an amulet of reflection (around neck)
 Z - a ring of flight
Wands
 f - a wand of flame (29)
 g - a wand of digging (12)
 u - a wand of charming (25)
 v - a wand of light (3)
 K - a wand of mindburst (19)
 O - a wand of polymorph (16)
Scrolls
 h - a scroll of blinking
 q - a scroll of enchant weapon
 y - 4 scrolls of enchant armour
 B - 4 scrolls of poison
 F - 4 scrolls of teleportation
 J - a scroll of brand weapon
 N - a scroll of fear
 S - a scroll of amnesia
 W - 5 scrolls of fog
Potions
 i - 5 potions of ambrosia
 k - 5 potions of lignification
 l - a potion of haste
 n - a potion of resistance
 z - 5 potions of brilliance
 A - a potion of invisibility
 G - 3 potions of might
 H - 6 potions of curing
 I - 2 potions of flight
 Y - 6 potions of cancellation
Miscellaneous
 U - a condenser vane


   Skills:
 - Level 10.0 Fighting
 - Level 2.6 Short Blades
 - Level 10.8(14.0) Axes
 - Level 14.3(15.6) Maces & Flails
 + Level 8.1 Throwing
 - Level 11.3 Armour
 - Level 8.0 Dodging
 - Level 3.0 Stealth
 - Level 12.0 Evocations


You had 15 spell levels left.
You didn't know any spells.
Your spell library contained the following spells:

 Spells                   Type           Power      Damage    Failure   Level
 Apportation              Tloc           0%         N/A       99%         1
 Freeze                   Ice            0%         1d3       99%         1
 Necrotise                Necr           0%         1d4       99%         1
 Shock                    Conj/Air       0%         1d3       99%         1
 Summon Small Mammal      Summ           0%         N/A       99%         1
 Blink                    Tloc           0%         N/A       99%         2
 Poisonous Vapours        Pois/Air       0%         N/A       99%         2
 Static Discharge         Conj/Air       0%         2-2/arc   99%         2
 Call Canine Familiar     Summ           0%         N/A       100%        3
 Dazzling Flash           Conj/Hex       0%         N/A       100%        3
 Gell's Gravitas          Tloc           0%         N/A       100%        3
 Hailstorm                Conj/Ice       0%         3d3       100%        3
 Inner Flame              Hex/Fire       0%         N/A       100%        3
 Ozocubu's Armour         Ice            0%         N/A       100%        3
 Portal Projectile        Hex/Tloc       0%         N/A       100%        3
 Swiftness                Air            0%         N/A       100%        3
 Teleport Other           Tloc           0%         N/A       100%        3
 Tukima's Dance           Hex            0%         N/A       100%        3
 Vhi's Electric Charge    Tloc/Air       0%         N/A       100%        3
 Airstrike                Air            0%         2d(0-16)  100%        4
 Anguish                  Hex/Necr       0%         N/A       100%        4
 Ice Form                 Ice/Tmut       0%         N/A       100%        4
 Iskenderun's Mystic Bla  Conj/Tloc      0%         2d3       100%        4
 Leda's Liquefaction      Hex/Erth       0%         N/A       100%        4
 Manifold Assault         Tloc           0%         N/A       100%        4
 Passage of Golubria      Tloc           0%         N/A       100%        4
 Petrify                  Tmut/Erth      0%         N/A       100%        4
 Summon Lightning Spire   Summ/Air       0%         N/A       100%        4
 Arcjolt                  Conj/Air       0%         1d10      100%        5
 Freezing Cloud           Conj/Ice/Air   0%         6-21      100%        5
 Lightning Bolt           Conj/Air       0%         1d11      100%        5
 Metabolic Englaciation   Hex/Ice        0%         N/A       100%        5
 Silence                  Hex/Air        0%         N/A       100%        5
 Yara's Violent Unravell  Hex/Tmut       0%         3d3       100%        5
 Dispersal                Tloc           0%         N/A       100%        6
 Starburst                Conj/Fire      0%         6d3       100%        6
 Statue Form              Tmut/Erth      0%         N/A       100%        6
 Enfeeble                 Hex            0%         N/A       100%        7
 Ozocubu's Refrigeration  Ice            0%         4d7       100%        7
 Storm Form               Tmut/Air       0%         N/A       100%        7
 Borgnjor's Revivificati  Necr           0%         N/A       100%        8
 Maxwell's Capacitive Co  Air            0%         ∞         100%        8
 Necromutation            Tmut/Necr      0%         N/A       100%        8
 Death's Door             Necr           0%         N/A       100%        9
 Simulacrum               Ice/Necr       Unusable   N/A       N/A         6

Dungeon Overview and Level Annotations

Branches:
Dungeon (11/15)            Temple (0/1) D:7            Lair (5/5) D:10
 Shoals (0/4) Lair:3       Spider (3/4) Lair:3        Slime (0/5) Lair:4
    Orc (2/2) D:10            Elf (0/3) Orc:2        Bailey (visited)
Volcano (visited)

Altars:
Ashenzari
Cheibriados
Gozag
Hepliaklqana
Ru
Sif Muna
Trog
Lugonu

Shops:
D:1 *[[[(   Orc:2 [?(!   Spider:3 (

Portals:
Abyss: Lair:5

Annotations:
Spider:3 Nikola


Innate Abilities, Weirdness & Mutations

You have claws for hands.
You are completely covered in molten scales. (AC +4, rF+)
You sometimes emit foul miasma when damaged in melee.
A meltable shield of frost defends you. (SH +4)
You are agile. (Dex +4, Str/Int -1)
Your system is resistant to poisons. (rPois)
You do not regenerate when monsters are visible.


Message History

You resist.
A bolt of lightning appears from out of thin air!
The bolt of lightning hits Nikola.
The bolt of lightning hits the steelbarb worm!!!
The steelbarb worm dies!
You hear a chilling moan.
You barely miss Nikola.
Nikola is lightly wounded.
Nikola mumbles some strange words.
Lightning arcs from Nikola's hands!
The bolt of lightning hits you!!! You resist.
* * * LOW HITPOINT WARNING * * *
A bolt of lightning appears from out of thin air!
The bolt of lightning hits Nikola!
Unknown command.
You feel much better.
Nikola points at you and mumbles some strange words.
The bolt of lightning hits you! You resist.
* * * LOW HITPOINT WARNING * * *
You hear a chilling moan.
You feel much better. Nikola barely misses you.
Aiming: Mindburst
Press: ? - help, Shift-Dir - straight line, f - Nikola
Aim: Nikola, wielding a +3 rapier of electrocution, wearing a +0 cloak of poison resistance and wearing a +0 pair of gloves (moderately wounded, chance to affect: 19%) Nikola resists with almost no effort.
You block Nikola's attack.
Unknown command.
You closely miss Nikola.
Nikola is lightly wounded.
You block Nikola's attack.
You closely miss Nikola.
Nikola is lightly wounded.
You block Nikola's attack.
You slice Nikola!!
Nikola is moderately wounded.
Nikola casts a spell.
Lightning arcs from Nikola's hands!
The bolt of lightning hits you!!! You resist.
You die...
Your body crumbles into a pile of gold.

#..#....#...
####.......# ..
..<...#..### #. .
.#..#.#### .. ..
###!#### .###..#
####.#.## ^#...
.#......#### ##$..
.#..#..##..#####$@#
...#..^.......#$@#
...##.#<.##...#..#
....##....###....#
#^#..#..#.^#...###
################


You could see Nikola.

Vanquished Creatures
  An emperor scorpion (Spider:3)
  2 orc warlords
  3 broodmothers
  A bunyip (shapeshifter) (D:8)
  A minotaur (Lair:3)
  A spark wasp (Spider:1)
  A red draconian (Volcano)
  The ghost of jfcaron the Placeless Draconian, a journeyman DrCj of Ashenzari (Lair:3)
  3 entropy weavers
  2 hydras (Lair:3)
  Erolcha (D:9)
  3 two-headed ogres
  Erica (D:8)
  2 centaur warriors
  4 death yaks (Lair:2)
  5 boulder beetles
  The ghost of Jackthecabe the Zephyrmancer, a journeyman TeAE of Vehumet (D:10)
  4 thrashing horrors (Lair:5)
  3 orc high priests (Orc:2)
  A shock serpent (shapeshifter) (Lair:5)
  2 sun moths (Spider:1)
  2 pharaoh ants (Spider:3)
  A salamander mystic (Volcano)
  6 orb spiders
  3 steelbarb worms
  A harpy (shapeshifter) (Lair:5)
  6 orc knights
  2 ugly things
  5 orc sorcerers
  15 wolf spiders
  A merfolk siren (Lair:3)
  4 salamanders (Volcano)
  4 black mambas
  5 elephants (Lair:1)
  2 torpor snails
  A gargoyle (D:11)
  Psyche (D:7)
  10 cane toads
  8 demonic crawlers
  3 rime drakes
  3 kobold demonologists
  12 komodo dragons
  An ancient zyme (Lair:5)
  2 trolls
  9 tarantellas
  5 polar bears
  Grinder (D:4)
  16 blink frogs
  A raiju (shapeshifter) (Lair:5)
  12 dream sheep
  A vampire (D:10)
  10 culicivoras
  4 spriggans
  24 jumping spiders
  A ynoxinul (Lair:5)
  4 wraiths (D:11)
  A large abomination (Lair:5)
  7 wyverns
  29 yaks
  26 redbacks
  4 chaos spawn (Lair:5)
  6 basilisks
  Grum (D:8)
  2 steam dragons (D:8)
  A vampire mosquito (Spider:2)
  A warg (Orc:1)
  An acid dragon (D:10)
  14 small abominations (Lair:5)
  8 water moccasins
  2 ice beasts (D:8)
  45 orc warriors
  3 black bears
  5 sky beasts
  13 ogres
  12 wolves
  9 centaurs
  A phantom (D:4)
  10 kobold brigands
  9 bullfrogs
  2 necrophages
  8 gnoll sergeants
  4 scorpions
  11 wights
  A killer bee (D:8)
  3 electric eels
  9 howler monkeys
  4 hounds
  2 jellies
  Crazy Yiuf (D:3)
  27 orc priests
  3 gnoll boudas
  Jessica (D:3)
  Ijyb (D:4)
  Natasha (thrice) (D:4)
  6 iguanas
  39 orc wizards
  6 hell rats (Lair:5)
  A river rat (D:4)
  4 adders
  37 gnolls
  2 shadow imps
  A white imp (D:6)
  2 worms
  100 orcs
  6 bats
  3 endoplasms
  10 hobgoblins
  2 jackals (D:4)
  3 quokkas
  9 ball pythons
  5 frilled lizards
  12 goblins
  37 kobolds
  4 rats
  2 butterflies (Lair:3)
810 creatures vanquished.

Vanquished Creatures (others)
  A ghost moth (Spider:3)
  A steelbarb worm (Spider:3)
  A culicivora (Spider:3)
  A jumping spider (Spider:2)
  A redback (Spider:2)
  An orc wizard (D:8)
  2 orcs
  58 fungi
  19 plants
85 creatures vanquished.

Grand Total: 895 creatures vanquished

Notes
Turn   | Place    | Note
-------+----------+-------------------------------------------
     0 | D:1      | Newt the Demonspawn Gladiator began the quest for the Orb.
     0 | D:1      | Reached XP level 1. HP: 16/16 MP: 1/1
    46 | D:1      | Found Huva's Antique Armour Emporium.
    71 | D:1      | Reached skill level 1 in Stealth
   162 | D:1      | Found Xokipnig's Weapon Boutique.
   164 | D:1      | Found Cecevae's Armour Shop.
   165 | D:1      | Found Bemom's Antique Armour Shop.
   177 | D:1      | Gained mutation: You have sharp fingernails. [demonic
                  | ancestry]
   177 | D:1      | Reached XP level 2. HP: 22/22 MP: 2/2
   218 | D:1      | Found Daiwided's General Store.
   224 | D:1      | Bought a scroll of identify for 20 gold pieces
   302 | D:1      | You fall into a shaft and drop 1 floor!
   549 | D:2      | Reached XP level 3. HP: 27/27 MP: 3/3
  1039 | D:3      | Found an opulent altar of Gozag.
  1051 | D:3      | Became a worshipper of Gozag Ym Sagoz the Greedy
  1173 | D:3      | Reached XP level 4. HP: 34/34 MP: 4/4
  1210 | D:3      | Found a hazy altar of Hepliaklqana.
  1466 | D:3      | Identified the +5 mace of Visorap {antimagic, rPois rCorr
                  | SInv}
  1576 | D:3      | Noticed Jessica
  1582 | D:3      | Killed Jessica
  1583 | D:3      | Gained mutation: You may rarely emit foul miasma when
                  | damaged in melee. [demonic ancestry]
  1583 | D:3      | Reached XP level 5. HP: 36/42 MP: 1/5
  1919 | D:3      | Found a bloodstained altar of Trog.
  2003 | D:3      | Found a runed translucent door.
  2004 | D:3      | Noticed Crazy Yiuf
  2016 | D:3      | Killed Crazy Yiuf
  2017 | D:3      | Reached skill level 1 in Maces & Flails
  2204 | D:4      | Found a broken altar of Ashenzari.
  2251 | D:4      | Reached skill level 2 in Maces & Flails
  2285 | D:4      | Noticed an ogre
  2290 | D:4      | Noticed a phantom
  2294 | D:4      | Killed an ogre
  2295 | D:4      | Reached skill level 3 in Maces & Flails
  2295 | D:4      | Reached XP level 6. HP: 24/48 MP: 2/6
  2305 | D:4      | Reached skill level 4 in Maces & Flails
  2356 | D:4      | Noticed Ijyb
  2380 | D:4      | Killed Ijyb
  2433 | D:4      | Noticed Grinder
  3013 | D:4      | Gained mutation: You are partially covered in molten
                  | scales. (AC +2) [demonic ancestry]
  3013 | D:4      | Reached XP level 7. HP: 45/54 MP: 2/7
  3031 | D:4      | Reached skill level 5 in Maces & Flails
  3581 | D:4      | Noticed Natasha
  3588 | D:4      | Killed Natasha
  3687 | D:4      | Noticed Natasha
  3695 | D:4      | Killed Natasha
  3713 | D:4      | Killed Grinder
  3714 | D:4      | Reached skill level 6 in Maces & Flails
  3785 | D:4      | Noticed Natasha
  3797 | D:4      | Killed Natasha
  4292 | D:5      | Entered Level 5 of the Dungeon
  4349 | D:5      | Reached skill level 5 in Fighting
  4433 | D:5      | Reached XP level 8. HP: 50/64 MP: 2/8
  4548 | D:5      | Reached skill level 1 in Armour
  5385 | D:7      | Reached skill level 5 in Armour
  5549 | D:7      | Reached skill level 1 in Evocations
  5551 | D:7      | Reached XP level 9. HP: 34/69 MP: 3/9
  5784 | D:7      | Found a staircase to the Ecumenical Temple.
  6092 | D:7      | Found a runed translucent door.
  6402 | D:7      | Found a shimmering blue altar of Sif Muna.
  6415 | D:7      | Reached skill level 5 in Evocations
  7130 | D:1      | Bought a spiked plate armour for 840 gold pieces
  7130 | D:1      | Identified the +8 plate armour of Quhuny {rElec} (You
                  | bought it in a shop on level 1 of the Dungeon)
  8037 | D:8      | Reached skill level 5 in Throwing
  8312 | D:8      | Noticed a kobold demonologist
  8313 | D:8      | Noticed Psyche
  8315 | D:8      | Noticed a kobold demonologist
  8320 | D:8      | Noticed an orange demon
  8321 | D:8      | Noticed a rust devil
  8666 | D:8      | Noticed a hellwing
  8679 | D:7      | Killed a kobold demonologist
  8680 | D:7      | Reached skill level 7 in Maces & Flails
  8696 | D:7      | Gained mutation: A meltable shield of frost defends you.
                  | (SH +4) [demonic ancestry]
  8696 | D:7      | Reached XP level 10. HP: 74/76 MP: 3/10
  8711 | D:7      | Killed Psyche
  8731 | D:8      | Reached skill level 8 in Maces & Flails
  9041 | D:8      | Got the Reference Book on the Foul Glacier
  9114 | D:8      | Noticed Erica
  9143 | D:8      | Killed Erica
  9144 | D:8      | Reached skill level 9 in Maces & Flails
  9413 | D:8      | Found a snail-covered altar of Cheibriados.
  9415 | D:8      | Noticed Grum
  9456 | D:8      | Killed Grum
  9457 | D:8      | Reached skill level 10 in Maces & Flails
  9736 | D:8      | Found a runed translucent door.
  9844 | D:8      | Found a runed translucent door.
 10688 | D:8      | Noticed an entropy weaver
 10817 | D:1      | Bought a pair of runed boots for 225 gold pieces
 10858 | D:1      | Bought 2 silver boomerangs for 30 gold pieces
 10889 | D:1      | Bought a runed helmet for 225 gold pieces
 11030 | D:8      | Noticed a centaur warrior
 11030 | D:8      | Noticed a death drake
 11583 | D:9      | Noticed Erolcha
 11600 | D:9      | Killed Erolcha
 11823 | D:9      | Gained mutation: You are mostly covered in molten scales.
                  | (AC +3) [demonic ancestry]
 11823 | D:9      | Reached XP level 11. HP: 72/81 MP: 3/11
 12337 | D:9      | Found a sacrificial altar of Ru.
 12484 | D:9      | Identified the +4 dagger "Onamo" {heavy, rC+ Int-5 Stlth+}
 12801 | D:10     | Entered Level 10 of the Dungeon
 12955 | D:10     | Found a runed translucent door.
 12956 | D:10     | Noticed Jackthecabe's ghost (journeyman TeAE)
 12957 | D:10     | Identified the +4 spear of Synkeani {heavy, *Noise rC++
                  | MP+9 Str+4}
 12983 | D:10     | Found a flagged portal.
 12993 | Bailey   | Entered a bailey
 13014 | Bailey   | Noticed an orc warlord
 13069 | Bailey   | Noticed an orc knight
 13089 | Bailey   | Killed an orc knight
 13122 | Bailey   | Found a runed translucent gate.
 13123 | Bailey   | Found a runed translucent gate.
 13125 | Bailey   | Found a runed translucent gate.
 13129 | Bailey   | Noticed an orc knight
 13167 | Bailey   | Killed an orc knight
 13464 | Bailey   | Killed an orc warlord
 13675 | Bailey   | Reached XP level 12. HP: 88/88 MP: 4/12
 13867 | D:10     | Noticed a two-headed ogre
 13883 | D:10     | Killed a two-headed ogre
 13900 | D:10     | Gained mutation: You occasionally lose the ability to read
                  | scrolls when taking damage. [potion of mutation]
 13900 | D:10     | Gained mutation: Your spells are a little harder to cast,
                  | but a little more powerful. [potion of mutation]
 13901 | D:10     | Lost mutation: You occasionally lose the ability to read
                  | scrolls when taking damage. [potion of mutation]
 13901 | D:10     | Lost mutation: Your spells are a little harder to cast, but
                  | a little more powerful. [potion of mutation]
 13901 | D:10     | Gained mutation: You are agile. (Dex +4, Str/Int -1)
                  | [potion of mutation]
 13901 | D:10     | Gained mutation: Your spells are a little harder to cast,
                  | but a little more powerful. [potion of mutation]
 13901 | D:10     | Gained mutation: Your system is resistant to poisons.
                  | (rPois) [potion of mutation]
 14010 | D:10     | Found a staircase to the Orcish Mines.
 14539 | D:10     | Reached skill level 11 in Maces & Flails
 14675 | D:10     | Found a staircase to the Lair.
 15257 | D:10     | Killed Jackthecabe's ghost
 15444 | D:11     | Noticed a centaur warrior
 15446 | D:11     | Noticed a two-headed ogre
 15446 | D:11     | Noticed a two-headed ogre
 15464 | D:11     | Killed a two-headed ogre
 15477 | D:11     | Killed a centaur warrior
 15478 | D:11     | Reached skill level 12 in Maces & Flails
 15490 | D:11     | Killed a two-headed ogre
 15504 | D:11     | HP: 4/88 [yak (11)]
 15734 | D:11     | Gained mutation: You have very sharp fingernails. [demonic
                  | ancestry]
 15734 | D:11     | Reached XP level 13. HP: 47/93 MP: 4/13
 16429 | D:11     | Reached skill level 13 in Maces & Flails
 16687 | Lair:1   | Entered Level 1 of the Lair of Beasts
 16791 | Orc:1    | Entered Level 1 of the Orcish Mines
 17486 | Orc:2    | Entered Level 2 of the Orcish Mines
 17715 | Orc:2    | Found a staircase to the Elven Halls.
 18015 | Orc:2    | Gained mutation: You do not regenerate when monsters are
                  | visible. [a neqoxec]
 18017 | Orc:2    | Found Gaem's Distillery.
 18086 | Orc:2    | Bought a potion of heal wounds for 75 gold pieces
 18086 | Orc:2    | Bought a potion of curing for 45 gold pieces
 18086 | Orc:2    | Bought a potion of resistance for 150 gold pieces
 18086 | Orc:2    | Bought a potion of haste for 150 gold pieces
 18086 | Orc:2    | Bought a potion of experience for 750 gold pieces
 18086 | Orc:2    | Reached skill level 14 in Maces & Flails
 18086 | Orc:2    | Gained mutation: You sometimes emit foul miasma when
                  | damaged in melee. [demonic ancestry]
 18086 | Orc:2    | Reached XP level 14. HP: 100/100 MP: 4/14
 19098 | Orc:2    | Noticed an orc warlord
 19359 | Orc:2    | Killed an orc warlord
 20485 | Orc:2    | Paralysed by an orc sorcerer for 5 turns
 20502 | Orc:2    | Found Jes Ebi's Magic Scroll Emporium.
 20604 | Orc:2    | Bought a scroll of identify for 26 gold pieces
 20604 | Orc:2    | Bought a scroll of brand weapon for 123 gold pieces
 20604 | Orc:2    | Bought a scroll of identify for 26 gold pieces
 20701 | Orc:2    | Found Tuod's Antique Armour Shop.
 20711 | Orc:2    | Found Hacoyc's Antique Weapon Boutique.
 20719 | Orc:2    | Bought a glowing morningstar for 168 gold pieces
 20725 | Orc:2    | Bought a shiny scale mail for 175 gold pieces
 20783 | Orc:1    | Lost mutation: Your spells are a little harder to cast, but
                  | a little more powerful. [a neqoxec]
 22071 | Lair:1   | Reached skill level 10 in Fighting
 22279 | Lair:1   | Reached skill level 1 in Axes
 22966 | Lair:2   | Reached skill level 5 in Axes
 23428 | Lair:3   | Found a dark tunnel.
 23437 | Volcano  | Entered a volcano
 23888 | Lair:3   | Gained mutation: You are completely covered in molten
                  | scales. (AC +4, rF+) [demonic ancestry]
 23888 | Lair:3   | Reached XP level 15. HP: 110/115 MP: 12/15
 24117 | Lair:3   | Noticed jfcaron's ghost (journeyman DrCj)
 24249 | Lair:3   | Found a hole to the Spider Nest.
 24384 | Lair:3   | Found a runed translucent gate.
 24384 | Lair:3   | Found a runed translucent gate.
 24384 | Lair:3   | Found a runed translucent gate.
 24713 | Lair:3   | Found a staircase to the Shoals.
 24942 | Lair:3   | Killed jfcaron's ghost
 25155 | Lair:3   | Identified the +8 falchion of the Moth {venom, +Blink rN+
                  | Int+2}
 25386 | Lair:4   | Found a staircase to the Slime Pits.
 25771 | Lair:5   | Entered Level 5 of the Lair of Beasts
 25994 | Lair:5   | Reached skill level 10 in Axes
 26545 | Lair:5   | Got the Octavo of Numb Fog
 27069 | Lair:5   | Found a corrupted altar of Lugonu.
 27069 | Lair:5   | Found a one-way gate to the infinite horrors of the Abyss.
 27075 | Lair:5   | Got the Omnibus of the Frostbitten Pyre
 27577 | Spider:1 | Entered Level 1 of the Spider Nest
 27923 | D:1      | Bought the +2 pair of gloves "Wir Dipp" {+Blink rN+ Will++}
                  | for 513 gold pieces
 28914 | Spider:1 | Reached skill level 10 in Evocations
 30277 | Spider:1 | Identified a scroll of acquirement
 30304 | Spider:1 | Acquired a ring of willpower
 30388 | Spider:1 | Gained mutation: You have claws for hands. [demonic
                  | ancestry]
 30388 | Spider:1 | Reached XP level 16. HP: 107/122 MP: 16/16
 31989 | Spider:2 | Reached skill level 5 in Dodging
 32800 | Spider:3 | Identified the +2 whip "Yneucud" {antimagic, rF+ Will++
                  | Dex-2}
 34371 | Spider:3 | Bought an ancient morningstar for 297 gold pieces
 34371 | Spider:3 | Identified the +5 morningstar "Worm" {drain, rPois rN+
                  | Stlth+} (You bought it in a shop on level 3 of the Spider
                  | Nest)
 35715 | Spider:3 | Noticed Nikola
 35729 | Spider:3 | Killed from afar by Nikola

Illustrated notes

Levels and vault maps discovered:
D:1:      giann_wishing_wells, layout_rooms, serial_shops,
          nicolae_shop_bloodbath_and_beyond, nicolae_shop_trees, shop, shop,
          shop, minmay_tetromino_l4
D:2:      layout_rooms, nicolae_kite_square_tiling_tiny
D:3:      layout_rooms, trog_hazing_becter, nicolae_gozag_seed_capital,
          mainiacjoe_overflow_boulevard, uniq_jessica, uniq_crazy_yiuf_cottage
D:4:      layout_basic, mainiacjoe_overflow_catch_the_wave,
          portal_sewer_entry_b, nicolae_concentric_dashed_squares_wild,
          uniq_grinder, uniq_natasha, uniq_ijyb
D:5:      layout_rooms
D:6:      layout_basic
D:7:      layout_loops_ring, kennysheep_orc_sif_temple,
          minmay_temple_entry_mist, lightli_church_of_beogh
D:8:      cheibrodos_histonic, layout_rooms, cheibriados_altar_1,
          kennysheep_small_circle, uniq_erica, uniq_psyche, uniq_grum
D:9:      layout_roguey, mainiacjoe_overflow_alcove_1,
          nicolae_tso_carved_into_rock, lemuel_round_altar, uniq_erolcha
D:10:     layout_roguey, erik_lair_dragon,
          kennysheep_orc_monster_closet_entryway, ebering_ghost_funeral_grove,
          enter_bailey_6
D:11:     layout_loops_ring, portal_ice_cave_entry_animals_and_master,
          grunt_ministairs_14, minmay_circle_x
Lair:1:   layout_big_grid, grunt_megastairs_3, infiniplex_staircase_pool
Lair:2:   layout_concentric_octagons, grunt_forest_stairs_clearing
Lair:3:   layout_regular_city, minmay_shoals_entry_lonely_mermaid,
          spider_nest_entry_webs, maelrawn_ghost_gauntlet_escape,
          enter_volcano_1, lemuel_fruit_tree, serial_bayou_shore_a,
          lemuel_fruit_fields
Lair:4:   layout_roguey, slime_entry_1
Lair:5:   hellmonk_lair_end_abyssal_woods, layout_regular_city,
          serial_bayou_shore_b, grunt_megastairs_1
Spider:1: layout_spider_delve
Spider:2: nicolae_spider_mines_2, einodemon_crawler_minivault
Spider:3: layout_spider_delve, nicolae_spider_spiderdrome, uniq_nikola
Orc:1:    layout_caves
Orc:2:    grunt_orc_community_town_hall, layout_caves,
          grunt_orc_community_big_house_2, grunt_orc_community_big_house_1,
          grunt_orc_community_house_3, grunt_orc_community_house_1,
          grunt_orc_community_house_3, grunt_orc_community_house_1,
          grunt_orc_community_house_1

Skill      XL: |  1  2  3  4  5  6  7  8  9 10 11 12 13 14 15 16 |
---------------+-------------------------------------------------+-----
Stealth        | 1 2 3 |  3.0
Fighting       | 4 5 6 10 | 10.0
Maces & Flails | 3 4 6 7 10 12 14 | 14.3
Armour         | 6 7 11 | 11.3
Evocations     | 1 5 7 9 10 12 | 12.0
Throwing       | 5 8 |  8.1
Axes           | 6 10 | 10.8
Dodging        | 8 |  8.0
Short Blades   | |  2.6

Action                   |  1- 3 |  4- 6 |  7- 9 | 10-12 | 13-15 | 16-18 || total
-------------------------+-------+-------+-------+-------+-------+-------++-------
Melee: Rapier            |    53 |       |       |       |       |       ||    53
       Punch             |     1 |       |     5 |    15 |    12 |     2 ||    35
       Dagger            |    67 |    20 |       |       |       |       ||    87
       Mace              |       |    86 |   486 |   924 |  1055 |       ||  2551
       Battleaxe         |       |       |       |       |   876 |   424 ||  1300
       Morningstar       |       |       |       |       |       |   126 ||   126
Throw: Throwing net      |     3 |     5 |     2 |       |     1 |     2 ||    13
       Javelin           |     1 |     3 |     4 |     4 |     1 |     6 ||    19
       Dart              |       |     4 |       |     4 |    15 |       ||    23
       Boomerang         |       |       |       |     1 |     4 |     9 ||    14
Invok: Call Merchant     |       |       |       |       |       |     1 ||     1
Evoke: Wand              |       |     1 |       |     2 |    10 |     4 ||    17
       Condenser vane    |       |       |       |       |       |     2 ||     2
  Use: Scroll            |    10 |     1 |     5 |     6 |    13 |     4 ||    39
       Potion            |     1 |     4 |       |    11 |     7 |     3 ||    26
 Stab: Sleeping          |     4 |     2 |     2 |       |       |       ||     8
       Held in net/web   |       |       |     3 |       |       |       ||     3
       Distracted        |       |       |     3 |    11 |    22 |     3 ||    39
       Invisible         |       |       |       |     3 |       |       ||     3
Armor: Leather armour    |    40 |    45 |   137 |       |       |       ||   222
       Plate armour      |       |       |   243 |   650 |  1237 |   739 ||  2869
Dodge: Dodged            |    83 |    79 |   290 |   402 |   966 |   687 ||  2507
Block: Other             |       |       |       |   282 |   833 |   417 ||  1532
       Reflection        |       |       |       |    15 |     8 |       ||    23

Table legend: (Time is in decaauts)
 A = Elapsed time spent in this place.
 B = Non-inter-level travel time spent in this place.
 C = Inter-level travel time spent in this place.
 D = Time resting spent in this place.
 E = Time spent auto-exploring this place.
 F = Levels seen in this place.
 G = Mean time per level.
                   A        B        C        D        E       F      G
               +--------+--------+--------+--------+--------+-----+--------+
         Total |  35484 |  32945 |   2539 |  10079 |  15672 |  23 | 1542.8 |
       Dungeon |  16956 |  15074 |   1882 |   4396 |   7199 |  11 | 1541.5 |
          Lair |   6696 |   6260 |    436 |    724 |   4415 |   5 | 1339.2 |
   Spider Nest |   6471 |   6395 |     76 |   3057 |   2086 |   3 | 2157.0 |
  Orcish Mines |   4250 |   4106 |    144 |   1524 |   1640 |   2 | 2125.0 |
        Bailey |    743 |    743 |      0 |    209 |    293 |   1 |  743.0 |
       Volcano |    364 |    364 |      0 |    169 |     39 |   1 |  364.0 |
               +--------+--------+--------+--------+--------+-----+--------+

Top non-repeatable levels by time:
     D:7: 3783 daAuts
   Orc:2: 2858 daAuts
Spider:1: 2507 daAuts
    D:10: 2485 daAuts
  Lair:3: 2385 daAuts
     D:3: 2312 daAuts
Spider:2: 2032 daAuts
Spider:3: 1932 daAuts
  Lair:5: 1766 daAuts
     D:8: 1742 daAuts
   Orc:1: 1391 daAuts
     D:9: 1364 daAuts
     D:4: 1200 daAuts
    D:11: 1167 daAuts
     D:6: 1055 daAuts
